 Dungeon Crawl Stone Soup version 0.28.0-45-g0d030f2227 (webtiles) character file.

Game seed: 13567666058161250673

54 Iusername the Skirmisher (level 4, 0/37 HPs)
             Began as a Djinni Berserker on Apr 7, 2022.
             Was a Believer of Trog.
             Slain by a hobgoblin (6 damage)
             ... led by Robin
             ... on level 2 of the Dungeon on Apr 11, 2022.
             The game lasted 00:05:45 (1889 turns).

Iusername the Skirmisher (Djinni Berserker)         Turns: 1889, Time: 00:05:51

Health: 0/37       AC:  2    Str: 18    XL:     4   Next: 12%
Gold:   37         EV: 12    Int:  8    God:    Trog [**....] SH:  0 Dex: 13

rFire   + + .      SeeInvis .   a - +0 hand axe
rCold   x . .      Faith    .   (no shield)
rNeg    . . .      Spirit   .   b - +0 animal skin
rPois   ∞          Reflect  .   (no helmet)
rElec   .          Harm     .   (no cloak)
rCorr   +          Rampage  .   (no gloves)
Will    .....                   (boots unavailable)
Stlth   +.........              (no amulet)
HPRegen 0.12/turn               f - ring of resist corrosion
MPRegen 0.00/turn               (no ring)

@: flying
A: sickness immunity, fire resistance 2, cold vulnerability 1, float, innate
caster, HP casting, extra vitality 1
a: Renounce Religion, Berserk, Trog's Hand


You were on level 2 of the Dungeon.
You worshipped Trog.
Trog was pleased with you.
You visited 1 branch of the dungeon, and saw 2 of its levels.

You collected 37 gold pieces.

Inventory:

Hand Weapons
 a - a +0 hand axe (weapon)
Armour
 b - a +0 animal skin (worn)
Jewellery
 f - a ring of resist corrosion (left hand)
 l - a +6 ring of intelligence
Scrolls
 e - 2 scrolls of identify {unknown}
 g - a scroll of torment {unknown}
 h - a scroll of brand weapon {unknown}
 i - a scroll of fog {unknown}
 j - a scroll of noise {unknown}
Potions
 c - 2 potions of curing
 d - 2 potions of invisibility {unknown}
 k - a potion of haste {unknown}


   Skills:
 + Level 3.7 Fighting
 + Level 3.0 Axes
 + Level 2.2 Armour
 + Level 2.6 Dodging


You had 2 spell levels left.
You knew the following spells:

 Your Spells              Type           Power      Damage    Failure   Level
a - Magic Dart            Conj           0%         1d3       41%         1
Your spell library was empty.

Dungeon Overview and Level Annotations

Branches:
Dungeon (2/15)

Altars:
The Shining One

Shops:
D:1 [(

Annotations:
D:2 Robin


Innate Abilities, Weirdness & Mutations

You are immune to sickness and miasma.
You are immune to poison.
Your flesh is very heat resistant. (rF++)
You are vulnerable to cold. (rC-)
You float through the air rather than walking.
You learn spells naturally, not from books.
Your magical power is your life essence.
You have superior vitality. (+4 MHP)


Message History

The hobgoblin hits you.
Unknown command.
Unknown command.
You hit the hobgoblin.
You kill the hobgoblin!
Trog accepts your kill.
You barely miss the hobgoblin. You closely miss the goblin.
Robin throws the goblin at you! The goblin misses you. x2
The hobgoblin closely misses you.
You closely miss the hobgoblin. You hit the goblin. x2
The goblin barely misses you. The goblin hits you with a +0 dagger.
The hobgoblin misses you.
Unknown command.
Unknown command.
You are too injured to fight recklessly!
Unknown command.
You are too injured to fight recklessly!
Unknown command.
You are too injured to fight recklessly!
Unknown command.
You are too injured to fight recklessly!
Unknown command.
You are too injured to fight recklessly!
Unknown command.
You closely miss the goblin.
The goblin is severely wounded.
You hit the hobgoblin. You closely miss the goblin.
The goblin hits you with a +0 club.
* * * LOW HITPOINT WARNING * * *
The goblin hits you with a +0 dagger.
* * * LOW HITPOINT WARNING * * *
The hobgoblin closely misses you.
You hit the goblin.
You kill the goblin!
Trog accepts your kill.
You barely miss the hobgoblin. You hit the goblin.
You kill the goblin!
Trog accepts your kill. The hobgoblin hits you.
You die...

#.# # #.# ## #.# ##.
##'## ##.. ##...## ##...
##.....## #.... ..#
##.......## #....
..wgg##>.......)####....
...gggg@).......'.......
....g##)).......####....
... ##.......## #....) #
##.....## #.#### ##...##
#.# ##+## ###


You could see a worm, Robin, 4 hobgoblins and 2 goblins.

Vanquished Creatures
  An adder (D:2)
  2 dart slugs
  3 ball pythons
  2 endoplasms (D:2)
  4 giant cockroaches
  9 goblins
  2 hobgoblins
  2 jackals (D:2)
  2 kobolds (D:1)
  4 bats
  4 frilled lizards
  4 rats
39 creatures vanquished.

Notes
Turn   | Place    | Note
-------+----------+-------------------------------------------
     0 | D:1      | Iusername the Djinni Berserker began the quest for the Orb.
     0 | D:1      | Reached XP level 1. HP: 20/20 MP: 0/0
    84 | D:1      | Found a faded altar of an unknown god.
   155 | D:1      | Reached XP level 2. HP: 20/25 MP: 0/0
   215 | D:1      | Found Sejunisu's Antique Armour Boutique.
   259 | D:1      | Found Neilirph's Weapon Shoppe.
   615 | D:1      | Reached XP level 3. HP: 30/30 MP: 0/0
   615 | D:1      | Learned a level 1 spell: Magic Dart
   791 | D:2      | Found a glowing golden altar of the Shining One.
  1626 | D:2      | Reached ** piety under Trog
  1743 | D:2      | Reached XP level 4. HP: 27/37 MP: 0/0
  1879 | D:2      | Noticed Robin
  1889 | D:2      | Slain by a hobgoblin

Illustrated notes

Levels and vault maps discovered:
D:1:      minmay_arrival_glassed_features, layout_rooms, serial_shops,
          nicolae_shop_hallway_stairs, shop, ebering_ecumenical_altar_webs
D:2:      minmay_razor_zed, layout_loops_corners, basic_altar, uniq_robin,
          uniq_terence

Skill      XL: |  1  2  3 |
---------------+----------+-----
Axes           | 3 |  3.0
Fighting       | |  3.7
Armour         | |  2.2
Dodging        | |  2.6

Action                   |  1- 3 |  4- 6 || total
-------------------------+-------+-------++-------
Melee: Hand axe          |    91 |    10 ||   101
       Punch             |     1 |       ||     1
Invok: Berserk           |     1 |       ||     1
  Use: Potion            |       |     1 ||     1
Armor: Animal skin       |    32 |     3 ||    35
Dodge: Dodged            |    69 |     9 ||    78
